 Dungeon Crawl Stone Soup version 0.20-a0-809-gaf7f668 (webtiles) character file.

79 Alarkh the Shield-Bearer (level 4, -6/40 HPs)
             Began as a Formicid Fighter on Mar 2, 2017.
             Mangled by a gnoll
             ... wielding a +0 spear
              (8 damage)
             ... on level 2 of the Dungeon.
             The game lasted 00:01:54 (1385 turns).

Alarkh the Shield-Bearer (Formicid Fighter)         Turns: 1385, Time: 00:01:55

Health: -6/40      AC:  6    Str: 23    XL:     4   Next: 64%
Magic:  4/4        EV:  8    Int:  6    God:
Gold:   26         SH:  9    Dex: 10    Spells: 3/3 levels left

rFire    . . .     SeeInvis +   a - +0 quarterstaff
rCold    . . .     Gourm    .   b - +0 scale mail
rNeg     . . .     Faith    .   c - +0 shield
rPois    .         Spirit   .   (helmet unavailable)
rElec    .         Reflect  .   o - scarf {repulsion}
rCorr    .         Harm     .   (no gloves)
MR       .....                  (no boots)
Stlth    ..........             (no amulet)
Regen    0.2/turn               (no ring)
MPRegen  0.1/turn               p - -2 ring of intelligence (curse)

@: repel missiles
A: permanent stasis, dig shafts and tunnels, four strong arms, antennae 3,
blurry vision 1, robust 1, strong 1
a: Dig, Shaft Self


You were on level 2 of the Dungeon.
You were not hungry.

You visited 1 branch of the dungeon, and saw 2 of its levels.

You collected 26 gold pieces.

Inventory:

Hand Weapons
 a - a +0 quarterstaff (weapon)
Armour
 b - a +0 scale mail (worn)
 c - a +0 shield (worn)
 o - a scarf of repulsion (worn)
Jewellery
 p - a cursed -2 ring of intelligence (left hand)
Scrolls
 e - a scroll of magic mapping {unknown}
 h - a scroll of enchant armour {unknown}
 i - a scroll of random uselessness {unknown}
 j - a scroll of blinking {unknown}
 k - a scroll of noise {unknown}
 l - 2 scrolls of teleportation {unknown}
 m - a scroll of immolation {unknown}
 n - a scroll of recharging {unknown}
 r - a scroll of amnesia {unknown}
 s - 5 scrolls of identify {unknown}
 u - a scroll of remove curse {unknown}
Potions
 d - a potion of might
Comestibles
 f - 3 bread rations
 q - a royal jelly


   Skills:
 + Level 3.7 Fighting
 * Level 3.3 Staves
 + Level 3.5 Armour
 + Level 1.0 Dodging
 + Level 4.1 Shields


You had 3 spell levels left.
You didn't know any spells.

Dungeon Overview and Level Annotations

Branches:
Dungeon (2/15)

Altars:


Innate Abilities, Weirdness & Mutations

You cannot be hasted, slowed, berserked, paralysed or teleported.
You can dig through walls and to a lower floor.
Your four strong arms can wield two-handed weapons with a shield.
You have a pair of large antennae on your head. (SInv)
Scrolls take you a little longer to read.
You are robust. (+10% HP)
Your muscles are strong. (Str +2)


Message History

You kill the gnoll!
Your Dodging skill increases to level 1!
The gnoll hits you but does no damage. The gnoll hits you with a spear!
* * * LOW HITPOINT WARNING * * *
The gnoll hits you but does no damage. You block the gnoll's attack. x2
It was a potion of haste.
Your stasis prevents you from being hasted.
You barely miss the gnoll. The gnoll completely misses you.
You hit the gnoll.
The gnoll is moderately wounded.
The gnoll hits you from afar with a spear.
* * * LOW HITPOINT WARNING * * *
The gnoll hits you with a spear.
* * * LOW HITPOINT WARNING * * *
You block the gnoll's attack. The gnoll barely misses you.
You barely miss the gnoll.
The gnoll is moderately wounded.
You block the gnoll's attack. The gnoll hits you with a spear!
You die...

#.......###
#####..#.....#
##.#.#####
###.####.#...#
#..........#.
#.##.##..#.#.. { ## ..
#g.#....> .# ##
#g##############.##
#.@...##.......#..
##########.##.#......##.
#..........##.#.###...#.
#.............#.........
#..........#######...)..
#..........###..........
#...............#..#####
#.........###......#
#..........#.......#


You could see 2 gnolls.

Vanquished Creatures
  An adder (D:2)
  3 gnolls
  A worm (D:2)
  A dart slug (D:1)
  2 leopard geckos (D:2)
  3 bats
  A giant cockroach (D:1)
  5 goblins
  6 hobgoblins
  A ball python (D:2)
  2 frilled lizards
  8 kobolds
  3 rats
37 creatures vanquished.

Notes
Turn   | Place    | Note
-------+----------+-------------------------------------------
     0 | D:1      | Alarkh the Formicid Fighter began the quest for the Orb.
     0 | D:1      | Reached XP level 1. HP: 18/18 MP: 1/1
   179 | D:1      | Reached XP level 2. HP: 19/24 MP: 2/2
   418 | D:1      | Reached XP level 3. HP: 29/29 MP: 3/3
  1110 | D:2      | Gained mutation: Scrolls take you a little longer to read. [potion of mutation]
  1110 | D:2      | Gained mutation: You are robust. (+10% HP) [potion of mutation]
  1110 | D:2      | Gained mutation: Your muscles are strong. (Str +2) [potion of mutation]
  1117 | D:2      | Reached skill level 4 in Shields
  1119 | D:2      | Reached XP level 4. HP: 15/39 MP: 4/4
  1372 | D:2      | Reached skill level 1 in Dodging
  1384 | D:2      | HP: 2/40 [gnoll/spear (3)]
  1385 | D:2      | Mangled by a gnoll

Vault maps used:
D:1:      dpeg_arrival_castle, serial_curves, eino_curves_03, eino_curves_02,
          minmay_strange_pillars
D:2:      kennysheep_generic_room_7

Skill      XL: |  1  2  3  4 |
---------------+-------------+-----
Shields        | 4 |  4.1
Staves         | 3 |  3.3
Dodging        | 1 |  1.0
Fighting       | |  3.7
Armour         | |  3.5

Action                   |  1- 3 |  4- 6 || total
-------------------------+-------+-------++-------
Melee: Quarterstaff      |   100 |    21 ||   121
 Abil: Dig               |     1 |       ||     1
  Use: Potion            |     2 |     1 ||     3
  Eat: Chunk             |     1 |     1 ||     2
Armor: Scale mail        |    29 |     5 ||    34
Dodge: Dodged            |    32 |    11 ||    43
       Deflected         |     1 |       ||     1
Block: Shield            |    69 |    11 ||    80
